 Dungeon Sprint DCSS version 0.29-a0-284-gf9362112df (webtiles) character file.

Game seed: 11872269636062873019

431 mhtbhm the Cleaver (level 6, -1/51 HPs)
             Began as an Octopode Berserker on Apr 1, 2022.
             Was a Believer of Trog.
             Slain by Sonja
             ... wielding a +2 short sword of distortion
              (7 damage)
             ... in the Dungeon (Sprint I: "Red Sonja").
             The game lasted 00:00:40 (516 turns).

mhtbhm the Cleaver (Octopode Berserker)              Turns: 516, Time: 00:00:41

Health: -1/51      AC:  1    Str: 18    XL:     6   Next: 99%
Magic:  6/6        EV: 16    Int: 10    God:    Trog [**....]
Gold:   291        SH:  0    Dex: 11    Spells: 5/5 levels left

rFire   . . .      SeeInvis .   a - +0 hand axe
rCold   . . .      Faith    .   (no shield)
rNeg    . . .      Spirit   .   (helmet restricted)
rPois   .          Reflect  .   (no amulet)
rElec   .          Harm     .   (no ring)
rCorr   .          Rampage  .   (no ring)
Will    ++...      NoTele   +   (no ring)
Stlth   ++........              (no ring)
HPRegen 1.17/turn               (no ring)
MPRegen 0.10/turn               (no ring)
                                (no ring)
                                (no ring)

@: strong-willed, on berserk cooldown, regenerating, hasted and slowed
A: almost no armour, amphibious, 8 rings, camouflage 1, gelatinous body 1,
(nimble swimmer 1), tentacles
a: Renounce Religion, Berserk, Trog's Hand


You were in the Dungeon.
You worshipped Trog.
Trog was pleased with you.
You visited 1 branch You collected 313 gold pieces.
You spent 22 gold pieces at shops.

Inventory:

Hand Weapons
 a - a +0 hand axe (weapon)
Wands
 h - a wand of digging (6)
Scrolls
 g - a scroll of blinking
 i - 2 scrolls of identify
 j - a scroll of enchant armour {unknown}
Potions
 b - a potion of curing
 e - 2 potions of magic
 f - a potion of berserk rage


   Skills:
 + Level 8.8 Fighting
 + Level 9.2 Axes
 + Level 8.7 Dodging
 + Level 0.9 Stealth


You had 5 spell levels left.
You didn't know any spells.
Your spell library was empty.

Dungeon Overview and Level Annotations

Branches:
Dungeon (1/1)

Altars:
Cheibriados
Dithmenos
Elyvilon
Fedhas
Gozag
Hepliaklqana
Kikubaaqudgha
Nemelex Xobeh
Okawaru
Qazlal
Ru
Sif Muna
Trog
Uskayaw
Vehumet
Wu Jian
Yredelemnul
Zin
The Shining One

Shops:
D *

Annotations:
D Sonja


Innate Abilities, Weirdness & Mutations

You cannot wear most types of armour.
You are amphibious.
You can wear up to eight rings at the same time.
Your skin changes colour to match your surroundings (Stealth+).
Your rubbery body absorbs attacks. (AC +1, EV +1)
((You are camouflaged when in or above water. (Stealth+)))
You have tentacles for arms and can constrict up to eight enemies at once.


Message History

You slash Sonja! Your grab misses Sonja.
Sonja is heavily wounded.
You barely miss Sonja. Your grab misses Sonja.
Sonja is heavily wounded.
Sonja hits you with a +2 short sword of distortion!
Space warps around you. Sonja hits you but does no damage.
Space warps around you.
Sonja hits you with a +2 short sword of distortion.
You slash Sonja! Your grab misses Sonja. Your squeeze misses Sonja.
Sonja is severely wounded.
Sonja mumbles some strange words.
Sonja blinks!
Sonja casts a spell.
Sonja blinks!
You see here a yak corpse.
You feel a strong urge to attack something.
You are no longer berserk.
You are exhausted.
You feel yourself slow down.
You hit Sonja but do no damage. Your grab misses Sonja.
Sonja is severely wounded.
Sonja closely misses you. Sonja barely misses you. x2
Sonja shouts, "Some dancing partner you are!"
Sonja misses you.
Sonja hits you with a +2 short sword of distortion.
Sonja closely misses you.
Unknown command.
Okay, then.
Unknown command.
Your skin crawls.
You feel strong-willed.
Sonja gestures wildly while chanting.
Sonja blinks!
Unknown command.
You feel yourself speed up. Sonja barely misses you.
Sonja hits you with a +2 short sword of distortion!
Space warps horribly around you!
* * * LOW HITPOINT WARNING * * *
Sonja hits you with a +2 short sword of distortion!
You die...

################
#<.#..').#..'..#
#..').#..').#..+
#..#####'#####'#
#..####..#...#.#
#..#__####..##.#
#..#_____##'#_.+
#⌠⌠#_.§@.†'..._#
####_..K_##_.#'#
#_____###'#.#
####### #.###
$.$ $.$# ##.##
#+#


You could see Sonja.

Vanquished Creatures
  Sigmund (D)
  A yak (D)
  An ogre (D)
  A jelly (D)
  Ijyb (D)
5 creatures vanquished.

Notes
Turn   | Place    | Note
-------+----------+-------------------------------------------
     0 | D        | mhtbhm the Octopode Berserker began the quest for the Orb.
     0 | D        | Reached XP level 1. HP: 16/16 MP: 1/1
     1 | D        | Noticed Ijyb
     6 | D        | Killed Ijyb
     7 | D        | Reached skill level 4 in Axes
     7 | D        | Reached XP level 2. HP: 19/23 MP: 2/2
     7 | D        | Reached XP level 3. HP: 23/27 MP: 3/3
   127 | D        | Noticed an ogre
   130 | D        | Killed an ogre
   131 | D        | Reached skill level 6 in Axes
   131 | D        | Reached XP level 4. HP: 36/36 MP: 4/4
   172 | D        | Noticed Sigmund
   176 | D        | Killed Sigmund
   176 | D        | Reached ** piety under Trog
   177 | D        | Reached skill level 8 in Axes
   177 | D        | Reached XP level 5. HP: 44/44 MP: 5/5
   177 | D        | Reached XP level 6. HP: 50/50 MP: 6/6
   288 | D        | Found an ornate altar of the Wu Jian Council.
   288 | D        | Found a shimmering blue altar of Sif Muna.
   290 | D        | Found a radiant altar of Vehumet.
   416 | D        | Found Ivye's General Store.
   416 | D        | Found an ancient bone altar of Kikubaaqudgha.
   416 | D        | Found a hazy altar of Hepliaklqana.
   416 | D        | Found a stormy altar of Qazlal.
   416 | D        | Found a hide-covered altar of Uskayaw.
   416 | D        | Found a blossoming altar of Fedhas.
   416 | D        | Found a bloodstained altar of Trog.
   416 | D        | Found an iron altar of Okawaru.
   416 | D        | Found a basalt altar of Yredelemnul.
   416 | D        | Found a glowing golden altar of the Shining One.
   416 | D        | Found a snail-covered altar of Cheibriados.
   416 | D        | Found a sacrificial altar of Ru.
   416 | D        | Found a glowing silver altar of Zin.
   416 | D        | Found a shadowy altar of Dithmenos.
   416 | D        | Found a white marble altar of Elyvilon.
   416 | D        | Noticed a yak
   417 | D        | Found an opulent altar of Gozag.
   428 | D        | Killed a yak
   429 | D        | Reached skill level 9 in Axes
   429 | D        | Found a sparkling altar of Nemelex Xobeh.
   433 | D        | Bought a scroll of identify for 22 gold pieces
   502 | D        | Noticed Sonja
   516 | D        | Slain by Sonja

Illustrated notes

Levels and vault maps discovered:
D:        dungeon_sprint_1 [red_sonja_temple_1, red_sonja_temple_small_1]

Skill      XL: |  1  2  3  4  5  6 |
---------------+-------------------+-----
Fighting       | 4 6 7 8 |  8.8
Axes           | 4 6 8 9 |  9.2
Dodging        | 4 6 7 8 |  8.7
Stealth        | |  0.9

Action                   |  1- 3 |  4- 6 || total
-------------------------+-------+-------++-------
Melee: Hand axe          |     4 |    21 ||    25
       Tentacles         |     2 |     5 ||     7
       Constrict         |     1 |     1 ||     2
       Punch             |       |     1 ||     1
Invok: Berserk           |     2 |     3 ||     5
       Trog's Hand       |       |     1 ||     1
  Use: Potion            |       |     2 ||     2
 Stab: Sleeping          |       |     1 ||     1
Armor: Skin              |       |     1 ||     1
Dodge: Dodged            |     1 |    18 ||    19

Table legend: (Time is in decaauts)
 A = Elapsed time spent in this place.
 B = Non-inter-level travel time spent in this place.
 C = Inter-level travel time spent in this place.
 D = Time resting spent in this place.
 E = Time spent auto-exploring this place.
 F = Levels seen in this place.
 G = Mean time per level.
                   A        B        C        D        E       F      G
               +--------+--------+--------+--------+--------+-----+--------+
         Total |    551 |    551 |      0 |    440 |      1 |   1 |  551.0 |
       Dungeon |    551 |    551 |      0 |    440 |      1 |   1 |  551.0 |
               +--------+--------+--------+--------+--------+-----+--------+

Top non-repeatable levels by time:
       D: 551 daAuts
